 Dungeon Crawl Stone Soup version 0.30-a0-702-gdf48620a09 (webtiles) character file.

Game seed: 7396551891790405168

226298 wormed the Fighter (level 18, -7/144 (146) HPs)
             Began as a Demonspawn Fire Elementalist on Jan 21, 2023.
             Was the Champion of Vehumet.
             Shot with an arrow by Vashnia (25 damage)
             ... on level 4 of the Snake Pit.
             The game lasted 01:52:47 (44269 turns).

wormed the Fighter (Demonspawn Fire Elementalist)  Turns: 44269, Time: 01:52:48

HP:   -7/144 (146)  AC: 27    Str: 14    XL:     18   Next: 21%
MP:   0/35          EV: 19    Int: 25    God:    Vehumet [******]
Gold: 2124          SH:  9    Dex: 18    Spells: 4/44 levels left

rFire   + . .      SeeInvis .    a - staff of fire
rCold   + . .      Faith    .    X - +3 warlock's mirror {omnireflect}
rNeg    + + .      Spirit   +    y - +4 troll leather armour
rPois   +          Reflect  +    Z - +2 hood of the Assassin {Detect Stab+ Stlth++}
rElec   .          Harm     .    h - +1 cloak of the Desert {rN+ Regen+ Str+2 Slay-3}
rCorr   .          Rampage  .    (gloves unavailable)
Will    ++...                    Q - +2 pair of boots
Stlth   +++++++                  r - amulet of regeneration
HPRegen 2.84/turn                o - ring "Yprae" {rC+ rN+ Will+ Str-3 Dex+3}
MPRegen 0.48/turn                P - ring of Mistrust {rPois Str+6 Dex+2}

@: sanguine armoured, studying Long Blades, lightly drained
A: magic shield, magic regeneration, sanguine armour 3, demonic magic 2, demonic
touch 3
}: 2/15 runes: decaying, serpentine
a: Renounce Religion


You were on level 4 of the Snake Pit.
You worshipped Vehumet.
Vehumet was exalted by your worship.
You visited 5 branches of the dungeon, and saw 30 of its levels.
You also visited: Gauntlet.

You collected 4469 gold pieces.
You spent 2345 gold pieces at shops.

Inventory:

Hand Weapons
 K - a +6 dagger of venom
Missiles
 n - 3 throwing nets (quivered)
Armour
 h - the +1 cloak of the Desert (worn) {rN+ Regen+ Str+2 Slay-3}
   (You acquired it in a Gauntlet)

   Str:       It affects your strength (+2).
   Slay:      It affects your accuracy & damage with ranged weapons and melee
   (-3).
   rN:        It protects you from negative energy.
   Regen:     It increases your rate of health regeneration.
 y - a +4 troll leather armour (worn)
 Q - a +2 pair of boots (worn)
 X - the +3 warlock's mirror (worn) {omnireflect}
   (You found it on level 3 of the Lair of Beasts)

   Omnireflect: It can block and reflect piercing ranged attacks and magical
   attacks against the wielder's willpower.
 Z - the +2 hood of the Assassin (worn) {Detect Stab+ Stlth++}
   (You bought it in a shop on level 2 of the Orcish Mines)

   Detect:    It allows the wearer to sense nearby creatures.
   Stab+:     It allows the wearer to make particularly effective stabbing
   attacks against helpless or unaware enemies with any weapon.
   Stlth:     It makes you much more stealthy.
Magical Staves
 a - a staff of fire (weapon)
Jewellery
 o - the ring "Yprae" (left hand) {rC+ rN+ Will+ Str-3 Dex+3}
   (You found it on level 4 of the Lair of Beasts)

   [ring of willpower]

   Str:       It affects your strength (-3).
   Dex:       It affects your dexterity (+3).
   rC:        It protects you from cold.
   rN:        It protects you from negative energy.
   Will:      It increases your willpower.
 p - a ring of flight
 r - an amulet of regeneration (around neck)
 t - a +6 ring of strength
 B - a +4 ring of protection
 N - a ring of willpower
 P - the ring of Mistrust (right hand) {rPois Str+6 Dex+2}
   (You found it on level 11 of the Dungeon)

   [ring of strength]

   Str:       It affects your strength (+6).
   Dex:       It affects your dexterity (+2).
   rPois:     It protects you from poison.
 T - a ring of wizardry
Wands
 x - a wand of flame (69)
 z - a wand of polymorph (19)
 A - a wand of acid (23)
 L - a wand of roots (31)
 R - a wand of paralysis (25)
 S - a wand of mindburst (25)
 W - a wand of digging (11)
Scrolls
 e - 7 scrolls of magic mapping
 g - 6 scrolls of amnesia
 k - 4 scrolls of enchant armour
 l - 4 scrolls of silence
 u - 2 scrolls of vulnerability
 v - 2 scrolls of blinking
 w - 6 scrolls of poison
 E - 4 scrolls of identify
 H - 6 scrolls of fear
 J - 2 scrolls of brand weapon
 O - 3 scrolls of enchant weapon
 V - 2 scrolls of fog
 Y - 5 scrolls of teleportation
Potions
 b - 3 potions of magic
 c - 6 potions of mutation
 d - 4 potions of haste
 f - 4 potions of berserk rage
 i - a potion of resistance
 j - a potion of ambrosia
 m - 5 potions of curing
 q - 5 potions of flight
 C - 7 potions of lignification
 D - 6 potions of attraction
 F - 2 potions of cancellation
 G - 12 potions of might
 I - 5 potions of brilliance {unknown}
 U - 3 potions of invisibility {unknown}


   Skills:
 - Level 14.0 Fighting
 + Level 12.3 Dodging
 + Level 12.6 Stealth
 - Level 5.0 Shields
 + Level 13.7 Spellcasting
 + Level 12.6 Conjurations
 * Level 12.8 Fire Magic
 + Level 8.7 Earth Magic


You had 4 spell levels left.
You knew the following spells:

 Your Spells              Type           Power      Damage    Failure   Level
a - Iskenderun's Battles  Conj           69%        2d12      1%          5
b - Scorch                Fire           100%       2d10      1%          2
c - Inner Flame           Hex/Fire       65%        N/A       1%          3
d - Starburst             Conj/Fire      44%        6d12      1%          6
f - Foxfire               Conj/Fire      100%       2x1d9     1%          1
i - Ignition              Fire           44%        3d13      41%         8
l - Lee's Rapid Deconstr  Erth           28%        3d15*     1%          5
m - Iskenderun's Mystic   Conj/Tloc      48%        2d11      1%          4
s - Iron Shot             Conj/Erth      31%        9d6       3%          6

Your spell library contained the following spells:

 Spells                   Type           Power      Damage    Failure   Level
 Freeze                   Ice            68%        1d8       1%          1
 Passwall                 Tmut/Erth      32%        N/A       1%          2
 Dazzling Flash           Conj/Hex       96%        N/A       1%          3
 Hailstorm                Conj/Ice       48%        3d11      1%          3
 Kindle Blastsparks       Fire/Tloc/Air  100%       2d18      1%          3
 Flame Wave               Conj/Fire      88%        2d19      1%          4
 Sticky Flame             Conj/Fire      88%        2d10      1%          4
 Poisonous Vapours        Pois/Air       34%        N/A       2%          2
 Frozen Ramparts          Ice            34%        1d6       4%          3
 Apportation              Tloc           34%        N/A       5%          1
 Necrotise                Necr           68%        1d7       5%          1
 Sting                    Tmut/Pois      68%        1d6       5%          1
 Cigotuvi's Dreadful Rot  Necr/Pois/Air  34%        N/A       9%          2
 Ensorcelled Hibernation  Hex/Ice        34%        N/A       9%          2
 Sublimation of Blood     Necr           17%        N/A       9%          2
 Wereblood                Tmut           17%        N/A       9%          2
 Airstrike                Air            8%         2d(2-18)  14%         4
 Olgreb's Toxic Radiance  Pois           17%        N/A       14%         4
 Swiftness                Air            17%        N/A       16%         3
 Vampiric Draining        Necr           17%        2d7       16%         3
 Dispel Undead            Necr           17%        3d10      47%         4
 Summon Ice Beast         Ice/Summ       17%        N/A       47%         4
 Summon Lightning Spire   Summ/Air       17%        N/A       47%         4
 Lightning Bolt           Conj/Air       24%        1d39      3%          5
 Borgnjor's Vile Clutch   Necr/Erth      19%        N/A       26%         5
 Agony                    Necr           17%        N/A       83%         5
 Alistair's Intoxication  Tmut/Pois      11%        N/A       83%         5
 Summon Forest            Summ/Tloc      8%         N/A       83%         5
 Summon Mana Viper        Hex/Summ       17%        N/A       83%         5
 Eringya's Noxious Bog    Tmut/Pois      8%         N/A       87%         6
 Death Channel            Necr           8%         N/A       100%        6
 Summon Cactus Giant      Summ           8%         N/A       100%        6
 Monstrous Menagerie      Summ           8%         N/A       100%        7
 Summon Hydra             Summ           8%         N/A       100%        7


Dungeon Overview and Level Annotations

Branches:
Dungeon (15/15)            Temple (0/1) D:7            Lair (5/5) D:10
  Swamp (4/4) Lair:3        Snake (4/4) Lair:3        Slime (0/5) Lair:5
    Orc (2/2) D:10            Elf (0/3) Orc:2        Vaults (0/5) D:13
 Depths (0/4) D:15        Gauntlet (visited)

Altars:
Ashenzari
Cheibriados
Fedhas
Gozag
Makhleb
Okawaru
Qazlal
Ru
Uskayaw
Vehumet
Yredelemnul
Jiyva

Shops:
D:3 [   D:6 (   D:7 *   D:12 [[   D:13 *   Orc:2 ([!**   Snake:3 [   Snake:4 =

Annotations:
Snake:3 2 transporters
Snake:4 Vashnia


Innate Abilities, Weirdness & Mutations

When hurt, damage is shared between your health and your magic reserves.
You regenerate magic rapidly.
When seriously injured, your blood forms very thick armour. (AC +12)
Spells you cast may paralyse nearby enemies.
Your touch may irresistibly damage your foes and sap their willpower.


Message History

The barrage of energy hits Vashnia!
Vashnia is heavily wounded.
Your battlesphere expends the last of its energy and dissipates.
Vashnia spits poison at you. The splash of poison hits you. You resist.
Vashnia constricts you.
Casting: Starburst (mildly dangerous; 1% risk of failure)
Confirm with . or Enter, or press ? or * to list all spells.
Casting: Starburst (mildly dangerous; 1% risk of failure)
Press: ? - help, Dir - look around, f - activate You feel a surge of power!
The bolt of fire misses Vashnia.
Malevolent energies surge around you.
Vashnia casts a spell.
Vashnia magically shoots an arrow.
The arrow closely misses you. Vashnia constricts you.
Casting: Starburst (mildly dangerous; 1% risk of failure)
Confirm with . or Enter, or press ? or * to list all spells.
You don't have enough magic to cast this spell.
Vashnia shoots an arrow.
The arrow hits you!
* * * LOW HITPOINT WARNING * * *
The arrow freezes you.
* * * LOW HITPOINT WARNING * * *
Vashnia constricts you.
* * * LOW HITPOINT WARNING * * *
Press: ? - help, v - describe, . - travel
Here: Vashnia, wielding a +3 longbow of freezing and wearing a +0 barding of fire resistance (heavily wounded, constricting you, catching her breath)
The floor.
Unknown command.
Unknown command.
You feel much better.
Vashnia shoots an arrow.
The arrow hits you!!
* * * LOW HITPOINT WARNING * * *
The arrow freezes you.
* * * LOW HITPOINT WARNING * * *
Vashnia constricts you.
Blink to where?
Press: ? - help, Dir - move target You escape Vashnia's grasp.
As you read the scroll of blinking, it crumbles to dust.
Vashnia casts a spell.
Vashnia magically shoots an arrow.
The arrow hits you!!
You die...

..###.......######.###......# #
.####.........#....##.......#####
####...###..........#.......##..#
###...## ##.................##..#
#.....# ##............#....###...
......# #......[....N......##.###
....#.# ##.........§...#..###.# #
....#.# #......)......#### #.###
...#..####.)...#@#...#.# ##...
.#...#......#..#.#...#.# ###.##
###.....####.###.##.##.# ###...##
##.....# ### #..#.#.[###......#
##.....## #..###.)##........
#......## #...#...##........
........## ####.###.####.......
##.......#####.#.......#.###.....
##...............8.∩.8...........


You could see Vashnia (catching breath).

Vanquished Creatures
  the Lernaean hydra (Swamp:4)
  Saint Roka (Orc:2)
  Jorgrun (Orc:2)
  Rupert (Orc:2)
  5 nagarajas (Snake:4)
  A thorn hunter (Swamp:3)
  An orc warlord (D:10)
  Nessos (D:14)
  2 eleionomae
  A bunyip (Swamp:1)
  A minotaur (D:14)
  A dire elephant (D:15)
  2 shambling mangroves
  An entropy weaver (shapeshifter) (D:15)
  28 hydras
  The ghost of GimliDwarf the Destroyer, a journeyman TeCj of Sif Muna (Lair:3)
  8 centaur warriors
  A catoblepas (Lair:5)
  8 boulder beetles
  A death knight (D:15)
  2 ghost crabs
  9 naga warriors
  A salamander tyrant (Snake:4)
  15 anacondas
  9 death yaks
  3 orc high priests
  13 alligators
  9 two-headed ogres
  3 spriggan berserkers
  6 naga sharpshooters
  4 shock serpents
  2 skeletal warriors
  2 salamander mystics
  The ghost of yumyumyeen the Shield-Bearer, a novice GnWn of Nemelex Xobeh (D:7)
  4 goliath frogs
  7 spriggan druids
  A deep elf archer (Orc:1)
  12 swamp dragons
  A slime creature (D:8)
  2 naga ritualists
  2 bog bodies (Swamp:4)
  A flayed ghost (D:11)
  Pikel (D:6)
  5 deep elf pyromancers
  3 deep elf zephyrmancers (Orc:1)
  A wolf spider (D:15)
  4 mana vipers
  8 orc knights
  7 orc sorcerers
  17 ugly things
  12 salamanders
  4 oklob plants
  4 cyclopes
  3 manticores
  4 will-o-the-wisps
  A moth of wrath (shapeshifter) (D:14)
  22 black mambas
  6 guardian serpents
  Joseph (D:7)
  12 naga magi
  4 elephants (Lair:3)
  Maurice (Orc:2)
  3 torpor snails
  Maggie (D:7)
  22 cane toads
  4 gargoyles
  2 kobold demonologists
  3 unseen horror zombies (D:9)
  An unseen horror (D:12)
  3 rime drakes
  10 komodo dragons
  2 freezing wraiths (D:15)
  2 polar bears
  5 trolls
  10 hornets
  Prince Ribbit (D:5)
  25 blink frogs
  20 tyrant leeches
  16 spriggans
  5 shadows
  7 wraiths
  3 fire bats (Lair:3)
  16 humans (D:13)
  8 wyverns
  44 yaks
  5 basilisks
  A human (shapeshifter) (D:15)
  15 vampire mosquitoes
  Menkaure (D:7)
  29 nagas
  20 swamp worms
  3 acid dragons
  A warg (Orc:1)
  A floating eye (Lair:2)
  11 water moccasins
  7 swamp drakes
  A sky beast (D:6)
  A large abomination (Gauntlet)
  2 ice beasts (D:7)
  41 orc warriors
  A black bear (D:6)
  6 ogres
  11 centaurs
  11 wolves
  2 phantoms
  5 kobold brigands
  17 bullfrogs
  2 gnoll sergeants (D:7)
  2 scorpions
  25 wights
  10 killer bees
  2 howler monkeys
  3 centaur zombies (D:9)
  A human zombie (D:9)
  A jelly (D:6)
  A hound (D:6)
  A gnoll bouda (D:7)
  24 orc priests
  Crazy Yiuf (D:2)
  3 iguanas
  3 small abominations (Gauntlet)
  19 orc wizards
  3 mummies (D:9)
  11 gnolls
  13 adders
  2 shadow imps
  2 white imps
  A worm (D:4)
  3 dart slugs
  84 orcs
  3 endoplasms
  A giant cockroach (D:1)
  5 goblins
  5 hobgoblins
  2 jackals (D:4)
  40 kobolds
  6 quokkas
  7 ball pythons
  17 bats
  5 frilled lizards
  3 rats
  4 bushes
  A foxfire (Snake:4)
1017 creatures vanquished.

Vanquished Creatures (collateral kills)
  7 foxfires
7 creatures vanquished.

Vanquished Creatures (others)
  A naga warrior (Snake:2)
  An orc high priest (Orc:2)
  A cane toad (Lair:5)
  2 bloated husks
  A swamp worm (Swamp:1)
  An orc priest (Orc:2)
  3 orc wizards
  An orc (D:8)
  1663 foxfires
  39 fungi
  149 plants
1862 creatures vanquished.

Grand Total: 2886 creatures vanquished

Notes
Turn   | Place    | Note
-------+----------+-------------------------------------------
     0 | D:1      | wormed the Demonspawn Fire Elementalist began the quest for
                  | the Orb.
     0 | D:1      | Reached XP level 1. HP: 13/13 MP: 3/3
   394 | D:1      | Gained mutation: Spells you cast may paralyse adjacent
                  | enemies. [demonic ancestry]
   394 | D:1      | Reached XP level 2. HP: 20/20 MP: 0/5
  1596 | D:2      | Reached XP level 3. HP: 25/25 MP: 0/6
  1801 | D:2      | Reached skill level 1 in Fighting
  2408 | D:2      | Reached XP level 4. HP: 32/32 MP: 1/7
  2593 | D:2      | Identified the +0 ring mail of the Depths {rC+ rCorr}
  3061 | D:2      | Learned a level 2 spell: Scorch
  3065 | D:2      | Found a runed translucent door.
  3066 | D:2      | Noticed Crazy Yiuf
  3078 | D:2      | Killed Crazy Yiuf
  3322 | D:3      | Found Imaos's Antique Armour Emporium.
  3400 | D:3      | Learned a level 4 spell: Flame Wave
  4029 | D:3      | Reached XP level 5. HP: 37/37 MP: 3/8
  4430 | D:4      | Found a burning altar of Makhleb.
  4432 | D:4      | Found a radiant altar of Vehumet.
  4434 | D:4      | Found a hide-covered altar of Uskayaw.
  4469 | D:4      | Noticed a phantom
  4500 | D:4      | Became a worshipper of Vehumet
  4507 | D:4      | Killed a phantom
  4622 | D:4      | Reached skill level 2 in Fighting
  4948 | D:4      | Reached XP level 6. HP: 41/44 MP: 4/10
  5333 | D:5      | Entered Level 5 of the Dungeon
  5338 | D:5      | Learned a level 3 spell: Inner Flame
  5502 | D:5      | Found a broken altar of Ashenzari.
  5797 | D:5      | Noticed Prince Ribbit
  5804 | D:5      | Killed Prince Ribbit
  5805 | D:5      | Reached XP level 7. HP: 51/51 MP: 3/12
  5884 | D:5      | Reached skill level 3 in Fighting
  6393 | D:6      | Reached * piety under Vehumet
  6393 | D:6      | Offered knowledge of Magic Dart by Vehumet.
  6524 | D:6      | Gained mutation: When seriously injured, your blood forms
                  | armour. (AC +12) [demonic ancestry]
  6524 | D:6      | Reached XP level 8. HP: 46/58 MP: 0/13
  6934 | D:6      | Found Bioll's Weapon Emporium.
  6944 | D:6      | Noticed Pikel
  6957 | D:6      | Killed Pikel
  6958 | D:6      | Reached skill level 4 in Fighting
  7209 | D:7      | Found an iron altar of Okawaru.
  7210 | D:7      | Noticed Joseph
  7218 | D:7      | Killed Joseph
  7219 | D:7      | Reached skill level 5 in Fire Magic
  7227 | D:6      | Reached skill level 5 in Stealth
  7352 | D:7      | Found Ushyr's Assorted Antiques.
  7360 | D:7      | Gained mutation: Your touch may inflict minor irresistible
                  | damage on your foes. [demonic ancestry]
  7360 | D:7      | Reached XP level 9. HP: 65/65 MP: 11/16
  7652 | D:7      | Reached ** piety under Vehumet
  7653 | D:7      | Reached skill level 5 in Dodging
  7655 | D:7      | Offered knowledge of Static Discharge by Vehumet.
  7656 | D:7      | Reached skill level 5 in Conjurations
  7752 | D:7      | Bought a fine leather armour for 126 gold pieces
  7752 | D:7      | Identified the +5 leather armour of Restlessness {rPois}
                  | (You bought it in a shop on level 7 of the Dungeon)
  7882 | D:7      | Found a staircase to the Ecumenical Temple.
  7892 | D:7      | Reached skill level 5 in Spellcasting
  7936 | D:7      | Reached skill level 5 in Fighting
  7940 | D:7      | Noticed Menkaure
  7948 | D:7      | Killed Menkaure
  8099 | D:7      | Identified the amulet of the Original Sin {Spirit rN++
                  | Dex+4}
  8222 | D:7      | Noticed Maggie
  8235 | D:7      | Killed Maggie
  8293 | D:7      | Identified the +0 ring mail of Woodgh {rPois Will+ Int-5}
  8686 | D:7      | Found a transporter.
  8692 | D:7      | Found a transporter.
  8735 | D:7      | Noticed yumyumyeen's ghost (novice GnWn)
  8994 | D:7      | Identified a scroll of acquirement
  8994 | D:7      | Acquired the +2 helmet of the Worm {rN++}
  9052 | D:7      | Learned a level 6 spell: Starburst
  9147 | D:8      | Found a snail-covered altar of Cheibriados.
  9469 | D:8      | Offered knowledge of Frozen Ramparts by Vehumet.
  9490 | D:8      | Noticed a centaur warrior
  9507 | D:8      | Killed a centaur warrior
  9508 | D:8      | Gained mutation: When seriously injured, your blood forms
                  | thick armour. (AC +12) [demonic ancestry]
  9508 | D:8      | Reached XP level 10. HP: 43/76 MP: 1/18
  9513 | D:8      | Noticed a two-headed ogre
  9513 | D:8      | Noticed a purple ugly thing
  9749 | D:8      | Reached skill level 6 in Fighting
  9874 | D:8      | Reached *** piety under Vehumet
 10051 | D:8      | Noticed a skeletal warrior
 10255 | D:8      | Found a runed translucent door.
 10284 | D:8      | Killed a two-headed ogre
 10467 | D:8      | Noticed a boulder beetle
 10686 | D:8      | Killed a purple ugly thing
 10686 | D:8      | Offered knowledge of Hailstorm by Vehumet.
 10737 | D:8      | Found a runed translucent door.
 10738 | D:8      | Found a runed translucent door.
 10738 | D:8      | Noticed a centaur warrior
 10872 | D:8      | Killed a skeletal warrior
 11176 | D:9      | Noticed a cyclops
 11183 | D:9      | Killed a cyclops
 11184 | D:9      | Reached XP level 11. HP: 60/83 MP: 15/21
 11303 | D:9      | Noticed a two-headed ogre
 11309 | D:9      | Killed a two-headed ogre
 11310 | D:9      | Reached skill level 7 in Fighting
 11335 | D:9      | Noticed a two-headed ogre
 11915 | D:9      | Found a basalt altar of Yredelemnul.
 12113 | D:9      | Killed a two-headed ogre
 12446 | D:10     | Entered Level 10 of the Dungeon
 12739 | D:10     | Reached **** piety under Vehumet
 13048 | D:10     | Offered knowledge of Lightning Bolt by Vehumet.
 13549 | D:10     | Found a staircase to the Orcish Mines.
 13575 | D:10     | Found a staircase to the Lair.
 14309 | D:10     | Learned a level 4 spell: Sticky Flame
 14397 | D:11     | Reached skill level 8 in Fighting
 14621 | D:11     | Found a hide-covered altar of Uskayaw.
 14827 | D:11     | Found a runed translucent door.
 14919 | D:11     | Found a sacrificial altar of Ru.
 14992 | D:11     | Found a radiant altar of Vehumet.
 15049 | D:11     | Gained mutation: You regenerate magic rapidly. [demonic
                  | ancestry]
 15049 | D:11     | Reached XP level 12. HP: 69/92 MP: 1/23
 15120 | D:11     | Found a blossoming altar of Fedhas.
 15135 | D:11     | Found a stormy altar of Qazlal.
 15473 | D:11     | Noticed a boulder beetle
 15486 | D:11     | Killed a boulder beetle
 16104 | D:11     | Identified the ring of Mistrust {rPois Str+6 Dex+2}
 16118 | D:11     | Identified the +5 chain mail "Jeuhac" {rPois Str+2}
 16463 | D:3      | Bought a pair of embroidered boots for 165 gold pieces
 16468 | D:3      | Bought a runed scarf for 176 gold pieces
 16469 | D:3      | Bought a shiny helmet for 165 gold pieces
 16687 | D:7      | Killed yumyumyeen's ghost
 16945 | Lair:1   | Entered Level 1 of the Lair of Beasts
 17384 | Lair:1   | Reached ***** piety under Vehumet
 17423 | Lair:1   | Offered knowledge of Ozocubu's Refrigeration by Vehumet.
 17613 | Lair:1   | Noticed a death yak
 17628 | Lair:1   | Killed a death yak
 17664 | Lair:1   | Noticed a death yak
 17664 | Lair:1   | Noticed a death yak
 17667 | Lair:1   | Noticed a death yak
 17676 | Lair:1   | Killed a death yak
 17680 | Lair:1   | Killed a death yak
 17680 | Lair:1   | Killed a death yak
 17681 | Lair:1   | Noticed a death yak
 17681 | Lair:1   | Noticed a death yak
 17690 | Lair:1   | Killed a death yak
 17691 | Lair:1   | Reached skill level 9 in Fighting
 17696 | Lair:1   | Killed a death yak
 17839 | Lair:1   | Found an opulent altar of Gozag.
 18902 | Lair:2   | Gained mutation: When seriously injured, your blood forms
                  | very thick armour. (AC +12) [demonic ancestry]
 18902 | Lair:2   | Reached XP level 13. HP: 101/101 MP: 17/25
 19805 | Lair:2   | Learned a level 4 spell: Iskenderun's Mystic Blast
 19824 | Lair:3   | Found a dark tunnel.
 19825 | Lair:3   | Found a runed translucent door.
 19826 | Lair:3   | Identified the +4 spear "Fadis" {flame, Will- Dex+3 Stlth+}
 19828 | Lair:3   | Noticed GimliDwarf's ghost (journeyman TeCj)
 20496 | Lair:3   | Found the +3 warlock's mirror {omnireflect}
 20732 | Lair:3   | Reached skill level 1 in Shields
 20740 | Lair:3   | Reached skill level 10 in Stealth
 20852 | Lair:3   | Found a staircase to the Snake Pit.
 20891 | Lair:3   | Identified the +2 scimitar of Checkmate {holy, rPois rF+
                  | rN+}
 21328 | Lair:3   | Found a staircase to the Swamp.
 21609 | Lair:4   | Reached skill level 10 in Fighting
 21613 | Lair:4   | Identified the ring "Yprae" {rC+ rN+ Will+ Str-3 Dex+3}
 21906 | Lair:4   | Reached skill level 10 in Conjurations
 22727 | Lair:5   | Entered Level 5 of the Lair of Beasts
 23104 | Lair:5   | Offered knowledge of Iron Shot by Vehumet.
 23105 | Lair:5   | Gained mutation: When hurt, damage is shared between your
                  | health and your magic reserves. [demonic ancestry]
 23105 | Lair:5   | Reached XP level 14. HP: 61/110 MP: 5/27
 23125 | Lair:4   | Learned a level 6 spell: Iron Shot
 24398 | Lair:5   | Reached skill level 5 in Shields
 24398 | Lair:5   | Reached skill level 10 in Fire Magic
 24614 | Lair:5   | Reached skill level 10 in Dodging
 25011 | Lair:5   | Found a staircase to the Slime Pits.
 25012 | Lair:5   | Found a viscous altar of Jiyva.
 25478 | Lair:3   | Reached skill level 10 in Spellcasting
 25479 | Lair:3   | Killed GimliDwarf's ghost
 26219 | D:12     | Found Cuastemoa's Antique Armour Shoppe.
 26228 | D:12     | Found Getosken's Antique Armour Shop.
 26229 | D:12     | Bought a fine robe for 182 gold pieces
 26229 | D:12     | Identified the +1 robe of Meol {Harm +Blink} (You bought it
                  | in a shop on level 12 of the Dungeon)
 26723 | D:13     | Found a gate to the Vaults.
 27205 | D:13     | Offered knowledge of Lee's Rapid Deconstruction by Vehumet.
 27216 | D:13     | Learned a level 5 spell: Lee's Rapid Deconstruction
 27330 | D:13     | Reached skill level 11 in Fighting
 27431 | D:13     | Found Sere's CLEARANCE SALE!.
 27640 | D:13     | Gained mutation: Your touch may inflict irresistible damage
                  | on your foes. [demonic ancestry]
 27640 | D:13     | Reached XP level 15. HP: 107/118 MP: 21/29
 28076 | D:14     | Found a gate leading to a gauntlet.
 28085 | Gauntlet | Entered a Gauntlet
 28085 | Gauntlet | Found a transporter.
 28097 | Gauntlet | Found a transporter.
 28099 | Gauntlet | Found a transporter.
 28100 | Gauntlet | Found a transporter.
 28111 | Gauntlet | Found a transporter.
 28112 | Gauntlet | Found a transporter.
 28120 | Gauntlet | Found a transporter.
 28123 | Gauntlet | Found a transporter.
 28124 | Gauntlet | Found a transporter.
 28132 | Gauntlet | Found a transporter.
 28135 | Gauntlet | Found a transporter.
 28137 | Gauntlet | Found a transporter.
 28144 | Gauntlet | Found a transporter.
 28192 | Gauntlet | Found a transporter.
 28476 | Gauntlet | Acquired the +1 cloak of the Desert {rN+ Regen+ Str+2
                  | Slay-3}
 28778 | D:14     | Noticed Nessos
 28785 | D:14     | Killed Nessos
 29097 | D:15     | Entered Level 15 of the Dungeon
 29659 | D:15     | Reached skill level 12 in Fighting
 30229 | D:15     | Found a staircase to the Depths.
 31005 | Orc:1    | Entered Level 1 of the Orcish Mines
 31367 | Orc:1    | Paralysed by an orc sorcerer for 5 turns
 31545 | Orc:1    | Offered knowledge of Arcjolt by Vehumet.
 31791 | Orc:2    | Entered Level 2 of the Orcish Mines
 31861 | Orc:2    | Reached skill level 13 in Fighting
 32112 | Orc:2    | Noticed Maurice
 32183 | Orc:2    | Killed Maurice
 32233 | Orc:2    | Found Hownedu's Assorted Antiques.
 32246 | Orc:2    | Bought a scroll labelled ELAKIRIETS for 31 gold pieces
 32388 | Orc:2    | Noticed Saint Roka
 32408 | Orc:2    | Killed Saint Roka
 32630 | Orc:2    | Found a staircase to the Elven Halls.
 32677 | Orc:2    | Reached XP level 16. HP: 105/131 MP: 18/32
 32818 | Orc:2    | Noticed Rupert
 32840 | Orc:2    | Noticed Jorgrun
 32841 | Orc:2    | Offered knowledge of Iskenderun's Battlesphere by Vehumet.
 32844 | Orc:2    | Killed Rupert
 32945 | Orc:2    | Killed Jorgrun
 33128 | Orc:2    | Reached skill level 1 in Earth Magic
 33194 | Orc:2    | Found Kelag's Distillery.
 33194 | Orc:2    | Found Yheon's Assorted Antiques.
 33196 | Orc:2    | Found Seolah's Weapon Shoppe.
 33196 | Orc:2    | Found Hiefruj's Antique Armour Boutique.
 33207 | Orc:2    | Bought the +2 hood of the Assassin {Detect Stab+ Stlth++}
                  | for 1500 gold pieces
 33207 | Orc:2    | Found the +2 hood of the Assassin {Detect Stab+ Stlth++}
 33709 | D:10     | Learned a level 5 spell: Iskenderun's Battlesphere
 33786 | Snake:1  | Entered Level 1 of the Snake Pit
 34938 | Swamp:1  | Entered Level 1 of the Swamp
 35104 | Swamp:1  | Reached skill level 14 in Fighting
 35356 | Swamp:1  | Found a basalt altar of Yredelemnul.
 35664 | Swamp:2  | Reached ****** piety under Vehumet
 35713 | Swamp:2  | Reached skill level 5 in Earth Magic
 35941 | Swamp:2  | Acquired 1209 gold pieces
 35961 | Swamp:2  | Offered knowledge of Freezing Cloud by Vehumet.
 37042 | Swamp:3  | Learned a level 1 spell: Foxfire
 37307 | Swamp:3  | Gained mutation: Spells you cast may paralyse nearby
                  | enemies. [demonic ancestry]
 37307 | Swamp:3  | Reached XP level 17. HP: 118/139 MP: 9/33
 37499 | Swamp:4  | Entered Level 4 of the Swamp
 38652 | Swamp:4  | Noticed the 27-headed Lernaean hydra
 38658 | Swamp:4  | Killed the 27-headed Lernaean hydra
 38688 | Swamp:4  | Offered knowledge of Ignition by Vehumet.
 38706 | Swamp:4  | Learned a level 8 spell: Ignition
 38943 | Swamp:4  | Got a decaying rune of Zot
 40352 | Snake:3  | Found Fuofu's Antique Armour Shoppe.
 40518 | Snake:3  | Found a transporter.
 40538 | Snake:3  | Found a transporter.
 41190 | Snake:4  | Entered Level 4 of the Snake Pit
 42298 | Snake:4  | Found Hood's Jewellery Emporium.
 42557 | Snake:4  | Gained mutation: Your touch may irresistibly damage your
                  | foes and sap their willpower. [demonic ancestry]
 42557 | Snake:4  | Reached XP level 18. HP: 146/146 MP: 11/35
 42996 | Snake:4  | Noticed Vashnia
 43402 | Snake:4  | Got a serpentine rune of Zot
 44269 | Snake:4  | Shot with an arrow by Vashnia

Illustrated notes

Levels and vault maps discovered:
D:1:      eino_arrival_cavern_d, layout_basic
D:2:      layout_basic, uniq_crazy_yiuf_cottage
D:3:      layout_loops_ring, serial_shops, nicolae_diamond_shop
D:4:      layout_basic, kennysheep_little_box, minitemple
D:5:      layout_cave_pools, lemuel_tele_altar, chequers_serial_rivers_small_3,
          uniq_prince_ribbit1
D:6:      layout_loops_ring, serial_glass, glass_columns_a, glass_columns_b,
          glass_columns_a, glass_columns_a, serial_shops, shop, uniq_pikel
D:7:      layout_basic, nicolae_overflow_crystal_walls,
          minmay_temple_entry_sparse_star, serial_shops, nicolae_square_shop,
          gammafunk_ghost_gnarly_gnolls, eino_small_chamber_without_monster,
          uniq_joseph, uniq_menkaure, uniq_maggie
D:8:      minmay_the_grid_four_pointed_star
          [minmay_the_grid_triangle_9x9_dagger,
          minmay_the_grid_triangle_9x9_tough_junction,
          minmay_the_grid_triangle_9x9_impossible_snake,
          minmay_the_grid_triangle_9x9_subtriangle,
          minmay_the_grid_prize_big_room], layout_loops_ring,
          mainiacjoe_overflow_brackets, mainiacjoe_overflow_boulevard,
          chequers_serial_rivers_large_b
D:9:      layout_cave_pools, lemuel_mausoleum_altar_yredelemnul
D:10:     layout_layer_cave, minmay_lair_entry_grove, david_orc_2
D:11:     due_megacathedral, layout_cave_pods
D:12:     layout_layer_cave, serial_shops, nicolae_shop_crystal,
          nicolae_diamond_shop
D:13:     layout_loops_ring, david_vaults_3, nicolae_shop_clearance
D:14:     layout_cave_pools, gauntlet_entry_generic, grunt_decor_one_mirror,
          uniq_nessos
D:15:     hangedman_depths_entry_try_elsewhere_first, layout_layer_cave,
          abandoned_shop, serial_rivers, chequers_serial_rivers_micro_b,
          chequers_serial_rivers_small_3, chequers_serial_rivers_micro_e,
          chequers_serial_rivers_micro_a, chequers_serial_rivers_small_3
Lair:1:   layout_chaotic_city, lemuel_centaur_altar
Lair:2:   layout_chaotic_city, disabler_island
Lair:3:   layout_gridlike, palyth_hydra_swamp_entry,
          guppyfry_snake_entry_island, ebering_ghost_funeral_grove,
          nicolae_volcano_entry_lava_flow
Lair:4:   wander_river, layout_gridlike
Lair:5:   minmay_lair_end_frog_pond, layout_misc_corridors, slime_entry_1
Swamp:1:  layout_falls_marsh, nicolae_swamp_godswood
Swamp:2:  layout_falls_marsh, evilmike_swamp_ruin_rubble_1
Swamp:3:  layout_basic_swamp, nicolae_swamp_trees_clearing, swamp_pool3,
          nicolae_swamp_small_spring
Swamp:4:  swamp_old_school, layout_basic_swamp, nicolae_swamp_vermiculated
Snake:1:  layout_gridlike
Snake:2:  layout_cave_pods
Snake:3:  gammafunk_the_bubble [the_bubble_gammafunk_crates], layout_grid_maze,
          serial_shops, nicolae_lakefront_shop
Snake:4:  grunt_snake_rune_serpentine_throne, layout_chambers, minmay_shop_star
Orc:1:    layout_diamond_mine, elf_legates
Orc:2:    grunt_orc_tribal_feast, layout_caves, serial_shops,
          nicolae_shop_waterfront, uniq_maurice, uniq_jorgrun, uniq_rupert,
          uniq_saint_roka

Skill      XL: |  1  2  3  4  5  6  7  8  9 10 11 12 13 14 15 16 17 |
---------------+----------------------------------------------------+-----
Stealth        | 2 3 4 5 6 7 8 9 10 11 12 | 12.6
Dodging        | 2 3 4 5 6 7 8 9 10 11 12 | 12.3
Fire Magic     | 3 4 5 6 7 8 9 10 11 12 | 12.8
Fighting       | 1 2 3 4 5 6 8 9 10 11 13 14 | 14.0
Conjurations   | 2 3 4 5 6 8 9 10 11 12 | 12.6
Spellcasting   | 3 4 5 6 7 8 9 10 12 13 | 13.7
Shields        | 3 5 |  5.0
Earth Magic    | 7 8 |  8.7

Action                   |  1- 3 |  4- 6 |  7- 9 | 10-12 | 13-15 | 16-18 || total
-------------------------+-------+-------+-------+-------+-------+-------++-------
Melee: Unarmed           |    15 |       |       |       |       |       ||    15
       Dagger            |     6 |   372 |       |    33 |    75 |    73 ||   559
       Short sword       |       |    12 |    71 |    35 |       |       ||   118
       Staff             |       |       |       |       |       |    17 ||    17
Throw: Throwing net      |       |       |       |       |     1 |       ||     1
 Cast: Foxfire           |    81 |    52 |    90 |   149 |   253 |   316 ||   941
       Scorch            |       |    26 |    66 |   238 |   490 |   244 ||  1064
       Inner Flame       |       |       |     9 |   118 |   223 |   117 ||   467
       Starburst         |       |       |       |     1 |    45 |   130 ||   176
       Iskenderun's Myst |       |       |       |       |     4 |       ||     4
       Sticky Flame      |       |       |       |       |     5 |       ||     5
       Iron Shot         |       |       |       |       |     1 |    18 ||    19
       Iskenderun's Batt |       |       |       |       |       |    84 ||    84
Evoke: Wand              |       |       |       |     2 |       |       ||     2
  Use: Scroll            |       |       |    15 |     2 |    18 |    13 ||    48
       Potion            |       |       |     1 |       |     4 |    11 ||    16
 Stab: Paralysed         |     3 |     4 |    47 |    39 |    28 |    26 ||   147
       Sleeping          |     2 |     4 |     2 |       |       |     5 ||    13
       Held in net/web   |       |       |       |       |     1 |       ||     1
Armor: Robe              |     7 |     6 |    15 |     6 |    85 |       ||   119
       Leather armour    |       |       |    17 |    52 |       |       ||    69
       Troll leather arm |       |       |       |       |    13 |   172 ||   185
Dodge: Dodged            |    14 |    11 |    45 |   113 |   210 |   284 ||   677
Block: Orb               |       |     8 |    26 |    36 |     7 |       ||    77
       Reflection        |       |       |     2 |     9 |    27 |    45 ||    83
       Buckler           |       |       |       |       |   170 |   197 ||   367

Table legend: (Time is in decaauts)
 A = Elapsed time spent in this place.
 B = Non-inter-level travel time spent in this place.
 C = Inter-level travel time spent in this place.
 D = Time resting spent in this place.
 E = Time spent auto-exploring this place.
 F = Levels seen in this place.
 G = Mean time per level.
                   A        B        C        D        E       F      G
               +--------+--------+--------+--------+--------+-----+--------+
         Total |  44688 |  41001 |   3687 |    834 |  32647 |  31 | 1441.5 |
       Dungeon |  22458 |  20665 |   1793 |    249 |  17166 |  15 | 1497.2 |
          Lair |   9035 |   8174 |    861 |    449 |   6370 |   5 | 1807.0 |
         Swamp |   4255 |   4055 |    200 |    136 |   3039 |   4 | 1063.8 |
     Snake Pit |   5883 |   5225 |    658 |      0 |   4162 |   4 | 1470.8 |
  Orcish Mines |   2650 |   2477 |    173 |      0 |   1703 |   2 | 1325.0 |
      Gauntlet |    405 |    405 |      0 |      0 |    206 |   1 |  405.0 |
               +--------+--------+--------+--------+--------+-----+--------+

Top non-repeatable levels by time:
 Snake:4: 2591 daAuts
     D:7: 2184 daAuts
     D:8: 2165 daAuts
    D:10: 2164 daAuts
  Lair:5: 2005 daAuts
    D:11: 2002 daAuts
  Lair:3: 1978 daAuts
     D:2: 1924 daAuts
  Lair:4: 1878 daAuts
    D:15: 1844 daAuts
  Lair:2: 1607 daAuts
  Lair:1: 1565 daAuts
 Swamp:4: 1480 daAuts
   Orc:2: 1432 daAuts
     D:6: 1336 daAuts
